 Seeded DCSS version 0.27.1-3-gb3d3a73c9e (webtiles) character file.

Game seed: 20211018 (custom seed)

14 jessy the Magician (level 2, 0/23 HPs)
             Began as a Gnoll Wanderer on Oct 18, 2021.
             Slain by a hobgoblin (4 damage)
             ... on level 1 of the Dungeon.
             The game lasted 00:03:06 (611 turns).

jessy the Magician (Gnoll Wanderer)                  Turns: 611, Time: 00:03:07

Health: 0/23       AC:  5    Str:  9    XL:     2   Next: 41%
Magic:  10/10      EV:  9    Int: 12    God:
Gold:   33         SH:  4    Dex: 12    Spells: 14/15 levels left

rFire    . . .     SeeInvis .   a - +2 dagger
rCold    . . .     Faith    .   g - +0 buckler
rNeg     . . .     Spirit   .   l - +0 ring mail
rPois    .         Reflect  .   (no helmet)
rElec    .         Harm     .   (no cloak)
rCorr    .         Rampage  .   (no gloves)
Will     .....                  (no boots)
Stlth    +.........             (no amulet)
HPRegen  0.07/turn              (no ring)
MPRegen  0.12/turn              (no ring)

@: no status effects
A: fangs 1, strong nose, distributed training
a: no special abilities


You were on level 1 of the Dungeon.
You visited 1 branch of the dungeon, and saw 1 of its levels.

You collected 33 gold pieces.

Inventory:

Hand Weapons
 a - a +2 dagger (weapon)
 c - a +0 shortbow
Missiles
 b - 3 curare-tipped darts (quivered)
 d - 24 arrows
 i - 26 bolts
 j - 10 poisoned darts
Armour
 e - a +0 robe
 g - a +0 buckler (worn)
 l - a +0 ring mail (worn)
Scrolls
 f - a scroll of enchant armour {unknown}
 h - a scroll of torment {unknown}
 k - a scroll of noise {unknown}


   Skills:
 + Level 2.5 Fighting
 + Level 0.4 Short Blades
 + Level 0.4 Long Blades
 + Level 0.4 Axes
 + Level 0.4 Maces & Flails
 + Level 0.4 Polearms
 + Level 0.4 Staves
 + Level 0.4 Slings
 + Level 4.5 Bows
 + Level 0.4 Crossbows
 + Level 2.5 Throwing
 + Level 0.4 Armour
 + Level 0.4 Dodging
 + Level 0.4 Stealth
 + Level 2.5 Shields
 + Level 0.4 Unarmed Combat
 + Level 7.1 Spellcasting
 + Level 0.2 Conjurations
 + Level 0.2 Hexes
 + Level 2.0 Summonings
 + Level 0.2 Necromancy
 + Level 0.2 Translocations
 + Level 0.2 Transmutations
 + Level 2.0 Fire Magic
 + Level 0.2 Ice Magic
 + Level 0.2 Air Magic
 + Level 0.2 Earth Magic
 + Level 0.2 Poison Magic
 + Level 0.5 Invocations
 + Level 0.4 Evocations


You had 14 spell levels left.
You knew the following spells:

 Your Spells              Type           Power      Damage    Failure   Level
a - Apportation           Tloc           8%         N/A       45%         1

Your spell library contained the following spells:

 Spells                   Type           Power      Damage    Failure   Level
 Portal Projectile        Hex/Tloc       8%         N/A       83%         3


Dungeon Overview and Level Annotations

Branches:
Dungeon (1/15)

Altars:


Innate Abilities, Weirdness & Mutations

You have very sharp teeth.
Your uncanny sense of smell can sniff out nearby items.
Your experience applies equally to all skills.


Message History

l - a +0 ring mail You start removing your armour.
You continue taking off your +0 robe. x4
You finish taking off your +0 robe.
You start putting on your armour.
You continue putting on your +0 ring mail. x5
You finish putting on your +0 ring mail.
A ball python comes into view.
The ball python hisses angrily.
An endoplasm comes into view.
The endoplasm quivers.
Found a dagger.
The ball python barely misses you. You block the ball python's attack.
You hit the ball python.
The ball python is moderately wounded.
The ball python bites you but does no damage.
The ball python grabs you. The ball python constricts you.
You barely miss the ball python.
The ball python is moderately wounded.
The ball python bites you. The ball python constricts you.
The ball python bites you. The ball python constricts you.
You hit the ball python.
You kill the ball python!
The endoplasm freezes you.
You are frozen.
The endoplasm hits you.
* * * LOW HITPOINT WARNING * * *
You see here a ball python corpse.
You hit the endoplasm.
The endoplasm is almost dead.
The endoplasm freezes you.
You are frozen.
* * * LOW HITPOINT WARNING * * *
You hit the endoplasm.
You kill the endoplasm!
You see here a ball python corpse.
You open the door.
There is an open door here.
A hobgoblin comes into view.
The hobgoblin hits you.
You die...

∆ . ... #.# . ..
#.# #####... #.#
#####.. .#. #.#
#...#.. ..# #.#
#...#..####.. #.#
#...#.##..##. #g#
#)..#.#...... #@#
#...#.#..##..
#.####...#.##..##†
#.##.'......##..#.
#.##.#...#†.....#.
#.##.#.....##..##.
#....####...####..
###### #..... ..#
##......# #######


You could see a hobgoblin.

Vanquished Creatures
  A dart slug (D:1)
  2 ball pythons (D:1)
  2 endoplasms (D:1)
  2 hobgoblins (D:1)
  A jackal (D:1)
  A frilled lizard (D:1)
  2 rats (D:1)
11 creatures vanquished.

Notes
Turn   | Place    | Note
-------+----------+-------------------------------------------
     0 | D:1      | jessy the Gnoll Wanderer began the quest for the Orb.
     0 | D:1      | jessy set off with the following items: a +2 dagger, 3
                  | curare-tipped darts, a +0 shortbow, 24 arrows, a +0 robe;
                  | and the following spell memorised: Apportation; and the
                  | following spells available to memorise: Portal Projectile
     0 | D:1      | Reached XP level 1. HP: 17/17 MP: 8/8
   174 | D:1      | Reached XP level 2. HP: 18/23 MP: 10/10
   611 | D:1      | Slain by a hobgoblin

Illustrated notes

Levels and vault maps discovered:
D:1:      matt_arrival_grand_opening, layout_basic, minmay_close_crescents

Skill      XL: |  1 |
---------------+----+-----
Summonings     | 2 |  2.0
Fire Magic     | 2 |  2.0
Fighting       | |  2.5
Short Blades   | |  0.4
Long Blades    | |  0.4
Axes           | |  0.4
Maces & Flails | |  0.4
Polearms       | |  0.4
Staves         | |  0.4
Slings         | |  0.4
Bows           | |  4.5
Crossbows      | |  0.4
Throwing       | |  2.5
Armour         | |  0.4
Dodging        | |  0.4
Stealth        | |  0.4
Shields        | |  2.5
Unarmed Combat | |  0.4
Spellcasting   | |  7.1
Conjurations   | |  0.2
Hexes          | |  0.2
Necromancy     | |  0.2
Translocations | |  0.2
Transmutations | |  0.2
Ice Magic      | |  0.2
Air Magic      | |  0.2
Earth Magic    | |  0.2
Poison Magic   | |  0.2
Invocations    | |  0.5
Evocations     | |  0.4

Action                   || total
-------------------------++-------
Melee: Dagger            ||    48
       Bite              ||     4
Armor: Robe              ||     4
       Ring mail         ||     1
Dodge: Dodged            ||    23
Block: Buckler           ||     5
